 Dungeon Crawl Stone Soup version 0.19.5 (webtiles) character file.

4206 Goboxel the Covert (level 10, -1/102 HPs)
             Began as a Demonspawn Assassin on Apr 1, 2017.
             Was a Priest of Hepliaklqana.
             Slain by a gnoll sergeant
             ... wielding a +3 trident of flaming
              (8 damage)
             ... on level 9 of the Dungeon.
             The game lasted 00:26:14 (9216 turns).

Goboxel the Covert (Demonspawn Assassin)            Turns: 9216, Time: 00:26:15

Health: -1/102     AC:  9    Str: 16    XL:     10   Next: 8%
Magic:  10/10      EV: 16    Int: 14    God:    Hepliaklqana [***...]
Gold:   653        SH:  0    Dex: 23    Spells: 0 memorised, 9 levels left

rFire  . . .     SeeInvis .     b - +1 falchion (flame)
rCold  . . .     Gourm    .     x - +2 robe "Xenang" {*Contam MR++ Dex+6}
rNeg   . . .     Faith    .     (no shield)
rPois  .         Spirit   .     (helmet restricted)
rElec  .         Reflect  .     f - +2 cloak
rCorr  .         Harm     .     (no gloves)
MR     ++...                    (no boots)
Stlth  ..........               (no amulet)
                                (no ring)
                                h - ring of flight

@: berserking, very quick
A: reduced essence, horns 2, thin metallic scales 1, powered by death 1
a: Recall Ancestor, Ancestor Identity, Transference, Renounce Religion, Evoke
Flight


You were on level 9 of the Dungeon.
You worshipped Hepliaklqana.
Hepliaklqana was most pleased with you.
You were hungry.

You visited 1 branch of the dungeon, and saw 9 of its levels.
You also visited: Ossuary.

You collected 653 gold pieces.

Inventory:

Hand Weapons
 a - a +3 dagger
 b - a +1 falchion of flaming (weapon)
 c - a +0 blowgun
 y - a +2 short sword of speed
Missiles
 e - 54 poisoned needles
Armour
 f - a +2 cloak (worn)
 x - the +2 robe "Xenang" (worn) {*Contam MR++ Dex+6}
   (You found it on level 7 of the Dungeon)

   It affects your dexterity (+6).
   It affects your resistance to hostile enchantments.
   It causes magical contamination when unequipped.
Jewellery
 h - a ring of flight (left hand)
Wands
 o - a wand of paralysis (19/24)
 p - a wand of iceblast (8/15)
 H - a wand of random effects (25/48)
Scrolls
 j - 3 scrolls of identify
 n - 7 scrolls of remove curse
 q - a scroll of enchant weapon
 s - a scroll of enchant armour
 B - a scroll of amnesia
Potions
 d - a potion of ambrosia
 i - a potion of resistance
 k - 3 potions of might
 u - a potion of haste
 w - a potion of flight
 z - a potion of berserk rage
 A - a potion of brilliance
 D - 2 potions of lignification
 F - 2 potions of curing
 G - 2 potions of agility
Books
 E - a book of Debilitation

   Spells                             Type                      Level
   a - Corona                         Hexes                        1
   b - Slow                           Hexes                        2
   c - Gell's Gravitas                Hexes/Translocation          3
   d - Inner Flame                    Hexes/Fire                   3
   e - Cause Fear                     Hexes                        4
   f - Leda's Liquefaction            Hexes/Earth                  4
Comestibles
 g - 4 bread rations
 r - 2 beef jerkies
 t - a royal jelly
 v - 4 meat rations
 C - 5 fruits


   Skills:
 + Level 6.2 Fighting
 + Level 4.9(6.5) Short Blades
 + Level 6.7(7.4) Long Blades
 + Level 3.8 Throwing
 + Level 5.2 Dodging
 + Level 8.0 Stealth


You had 9 spell levels left.
You didn't know any spells.

Dungeon Overview and Level Annotations

Branches:
Dungeon (9/15)             Temple (0/1) D:5
   Lair: D:8-11         Orc: D:9-12

Altars:
Cheibriados
Elyvilon
Hepliaklqana
Yredelemnul
Zin

Shops:
D:9 [


Innate Abilities, Weirdness & Mutations

You have a pair of horns on your head.
You are partially covered in thin metallic scales. (AC +2)
You regenerate a little health from kills.
Your life essence is reduced. (-10% HP)


Message History

You slash the bullfrog! You burn the bullfrog.
You kill the bullfrog!
The orc warrior hits you from afar with a trident!
The gnoll misses you.
Unknown command.
You barely miss the gnoll sergeant.
Your headbutt misses the gnoll sergeant.
The gnoll sergeant is severely wounded.
The gnoll sergeant hits you with a trident of flaming.
The gnoll sergeant burns you.
* * * LOW HITPOINT WARNING * * *
Something hits you!
* * * LOW HITPOINT WARNING * * *
The gnoll misses you.
The orc warrior hits you from afar with a trident.
* * * LOW HITPOINT WARNING * * *
A red film seems to cover your vision as you go berserk!
You feel yourself moving faster!
You feel mighty!
The gnoll sergeant hits you with a trident of flaming!
You die...

######..........#
#.........#.....# .
##.#...<...#..#..#.##
#........#....#..#..
#..#.#...#...(....#
#..#.###.#...##...#
....#.g...#........#
###.##..R.........#.# #
..#<.†@g.#.#.#..#.###.#
######.#.####.#)........
#o#................
#g#######..........
#..)................
#.......###go#######
#....⌠.⌠##.g(#
#...%.∩.##.og#
#....⌠.⌠##.g..


You could see the friendly Wolf the hexer, an orc warrior, a gnoll sergeant and
2 gnolls.

Vanquished Creatures
  Sigmund (D:6)
  A wyvern (D:8)
  A hungry ghost (D:8)
  A water moccasin (D:7)
  Duvessa (D:6)
  A black bear (D:8)
  2 ice beasts (D:6)
  2 sky beasts (D:8)
  A phantom (D:8)
  2 ogres
  3 centaurs
  An elf zombie (Ossuary)
  4 bullfrogs
  2 howler monkeys
  2 crimson imps
  A centaur zombie (D:5)
  2 jellies
  3 orc priests
  A bullfrog skeleton (D:5)
  Crazy Yiuf (D:6)
  A hound (D:8)
  An orc wizard (D:4)
  2 centaur skeletons
  An iguana (D:4)
  5 worker ants
  2 killer bee zombies
  A big kobold zombie (Ossuary)
  A hound zombie (D:8)
  A hound skeleton (D:6)
  2 mummies (Ossuary)
  A worker ant zombie (D:8)
  5 gnolls
  6 adders
  2 oozes
  3 adder zombies (Ossuary)
  3 worms
  5 dart slugs
  4 leopard geckos
  16 orcs
  8 giant cockroaches
  9 goblins
  5 hobgoblins
  3 jackals
  4 quokkas
  A ball python skeleton (D:4)
  10 bats
  3 frilled lizards
  6 hobgoblin zombies (Ossuary)
  A jackal skeleton (D:5)
  A jackal zombie (Ossuary)
  15 kobolds
  4 kobold zombies (Ossuary)
  9 orc zombies (Ossuary)
  2 quokka skeletons
  A quokka zombie (D:5)
  5 rats
  2 rat zombies (Ossuary)
184 creatures vanquished.

Vanquished Creatures (collateral kills)
  The ghost of deszczowiec the Magician, a novice OpWz of Hepliaklqana (D:7)
  Eustachio (D:6)
  A wyvern (D:8)
  An orc warrior (D:6)
  An ogre (D:7)
  A big kobold (D:8)
  2 bullfrogs
  Dowan (D:6)
  An elf zombie (Ossuary)
  2 orc wizards
  3 worker ants
  2 hound skeletons
  A shadow imp (D:5)
  3 orcs
  A giant cockroach (D:5)
  A quokka (D:4)
  A goblin zombie (Ossuary)
  5 hobgoblin zombies (Ossuary)
  2 kobold zombies (Ossuary)
  An orc zombie (Ossuary)
32 creatures vanquished.

Vanquished Creatures (others)
  2 hexers
2 creatures vanquished.

Grand Total: 218 creatures vanquished

Notes
Turn   | Place    | Note
-------+----------+-------------------------------------------
     0 | D:1      | Goboxel the Demonspawn Assassin began the quest for the Orb.
     0 | D:1      | Reached XP level 1. HP: 16/16 MP: 1/1
    24 | D:1      | Reached skill level 1 in Dodging
    36 | D:1      | Reached skill level 4 in Stealth
    36 | D:1      | Gained mutation: You have a pair of small horns on your head. [demonic ancestry]
    36 | D:1      | Reached XP level 2. HP: 21/22 MP: 2/2
   300 | D:1      | Reached XP level 3. HP: 23/27 MP: 3/3
  1286 | D:2      | Gained mutation: You regenerate a little health from kills. [demonic ancestry]
  1286 | D:2      | Reached XP level 4. HP: 30/33 MP: 4/4
  2244 | D:3      | Reached XP level 5. HP: 38/39 MP: 5/5
  2549 | D:3      | Found a hazy altar of Hepliaklqana.
  2630 | D:3      | Became a worshipper of Hepliaklqana the Forgotten
  2808 | D:4      | Noticed an ogre
  2819 | D:4      | Killed an ogre
  2819 | D:4      | Reached XP level 6. HP: 23/41 MP: 6/6
  3721 | D:4      | Reached skill level 5 in Stealth
  3776 | D:4      | Found a basalt altar of Yredelemnul.
  3806 | D:4      | Reached * piety under Hepliaklqana
  3854 | D:5      | Entered Level 5 of the Dungeon
  4159 | D:5      | Found a glowing silver altar of Zin.
  4204 | D:5      | Found a staircase to the Ecumenical Temple.
  4242 | D:5      | Gained mutation: You are partially covered in thin metallic scales. (AC +2) [demonic ancestry]
  4242 | D:5      | Reached XP level 7. HP: 31/46 MP: 7/7
  4605 | D:5      | Reached skill level 1 in Long Blades
  4807 | D:5      | Found a snail-covered altar of Cheibriados.
  4872 | D:6      | Reached ** piety under Hepliaklqana
  4880 | D:6      | Remembered your ancestor Wolf as a hexer
  4984 | D:6      | Noticed Duvessa
  4984 | D:6      | Noticed Dowan
  4987 | D:6      | Killed Duvessa
  4995 | D:6      | Killed Dowan
  4995 | D:6      | Reached XP level 8. HP: 37/54 MP: 8/8
  5115 | D:6      | Noticed Eustachio
  5471 | D:6      | Noticed Sigmund
  5487 | D:6      | Killed Sigmund
  5592 | D:6      | Killed Eustachio
  5592 | D:6      | Reached skill level 6 in Stealth
  5767 | D:6      | Reached skill level 5 in Fighting
  5957 | D:6      | Found a runed door.
  5961 | D:6      | Noticed Crazy Yiuf
  5972 | D:6      | Killed Crazy Yiuf
  6213 | D:7      | Noticed deszczowiec's ghost (novice OpWz)
  6228 | D:7      | Found a sand-covered staircase.
  6230 | D:7      | Killed deszczowiec's ghost
  6230 | D:7      | Gained mutation: You have a pair of horns on your head. [demonic ancestry]
  6230 | D:7      | Reached XP level 9. HP: 29/61 MP: 9/9
  6389 | Ossuary  | Entered an ossuary
  6505 | Ossuary  | Reached skill level 5 in Long Blades
  6924 | D:7      | Got an ichor-stained robe
  6926 | D:7      | Identified the +2 robe "Xenang" {*Contam MR++ Dex+6} (You found it on level 7 of the Dungeon)
  7816 | D:8      | Reached *** piety under Hepliaklqana
  8048 | D:8      | Reached skill level 7 in Stealth
  8072 | D:8      | Reached skill level 5 in Dodging
  8653 | D:8      | Reached XP level 10. HP: 34/68 MP: 10/10
  8707 | D:8      | Reached skill level 8 in Stealth
  9178 | D:8      | Found a white marble altar of Elyvilon.
  9204 | D:9      | Found Kistebo's Antique Armour Emporium.
  9216 | D:9      | Slain by a gnoll sergeant

Skill      XL: |  1  2  3  4  5  6  7  8  9 10 |
---------------+-------------------------------+-----
Dodging        | 1 2 3 4 5 |  5.2
Stealth        | 4 5 6 7 8 |  8.0
Short Blades   | 2 3 4 |  4.9
Throwing       | 2 3 |  3.8
Fighting       | 3 4 5 6 |  6.2
Long Blades    | 2 4 6 |  6.7

Action                   |  1- 3 |  4- 6 |  7- 9 | 10-12 || total
-------------------------+-------+-------+-------+-------++-------
Melee: Dagger            |    99 |   155 |    87 |     1 ||   342
       Headbutt          |    11 |    41 |    70 |     9 ||   131
       Falchion          |       |    30 |   235 |    21 ||   286
       Short sword       |       |       |    12 |       ||    12
 Fire: Blowgun           |     3 |    24 |    12 |     2 ||    41
Invok: Ancestor Life: He |       |       |     1 |       ||     1
       Ancestor Identity |       |       |     1 |       ||     1
  Use: Scroll            |       |     8 |    10 |       ||    18
       Potion            |       |     2 |     2 |     2 ||     6
 Stab: Sleeping          |    10 |    12 |    12 |     1 ||    35
       Distracted        |       |     2 |     7 |     2 ||    11
       Confused          |       |       |     5 |       ||     5
  Eat: Chunk             |     1 |    10 |     9 |     1 ||    21
       Fruit             |       |       |     2 |       ||     2
       Bread ration      |       |       |     1 |       ||     1
       Pizza             |       |       |     1 |       ||     1
Armor: Robe              |    25 |    22 |    79 |     8 ||   134
Dodge: Dodged            |    71 |   104 |   258 |    25 ||   458
       Rpst.: Falchion   |       |     5 |    48 |     4 ||    57
